[Event "*** Titled Tuesday Blitz"]
[Site "Chess.com"]
[Date "2021.03.02"]
[Round "8"]
[White "TimKett"]
[Black "urutodo"]
[Result "0-1"]
[WhiteElo "2178"]
[BlackElo "2302"]
[TimeControl "180+1"]
[EndTime "11:30:54 PST"]
[Termination "urutodo won on time"]

1. e4 c6 2. d4 d5 3. e5 Bf5 4. Nc3 e6 5. g4 Bg6 6. Nge2 c5 7. h4 h5 8. Nf4 Bh7 9. g5 Nc6 10. Bb5 Qb6 11. Be3 O-O-O 12. Bxc6 Qxc6 13. Qd2 Ne7 14. O-O-O Nf5 15. Rh3 cxd4 16. Bxd4 Nxd4 17. Qxd4 Bc5 18. Qd2 Bf5 19. Rg3 d4 20. Nce2 Bb4 21. c3 dxc3 22.
Rxc3 Bxc3 23. Qxc3 Rxd1+ 24. Kxd1 Rd8+ 25. Kc1 Qxc3+ 26. bxc3 Bg4 27. Nd4 a6 28. Kd2 g6 29. Ke3 Kc7 30. f3 Bf5 31. Nxf5 exf5 32. e6 Re8 33. Kd4 fxe6 34. Ke5 Kd7 35. Nxg6 Rc8 36. Nf4 Rxc3 37. Nxh5 Rxf3 38. Nf6+ Ke7 39. h5 Re3+ 40. Kf4 Rh3 41. Ng8+ Kf7 42. Nf6 Rh1 43. Kg3 e5 44. Kg2 Ra1 45.
h6 Rxa2+ 46. Kh3 Kg6 47. h7 Ra3+ 48. Kh4 Ra4+ 49. Kh3 Kg7 50. g6 Ra3+ 51. Kh4 Ra4+ 52. Kh5 Ra1 53. Ne8+ Kh8 54. Kg5 f4 55. Kf6 Rg1 56.
g7+ Rxg7 57. Nxg7 f3 58. Kg6 f2 0-1

[Event "*** Titled Tuesday Blitz"]
[Site "Chess.com"]
[Date "2021.03.02"]
[Round "8"]
[White "anskam"]
[Black "GMJustin"]
[Result "0-1"]
[WhiteElo "1777"]
[BlackElo "2245"]
[TimeControl "180+1"]
[EndTime "11:30:55 PST"]
[Termination "GMJustin won by checkmate"]

1. e4 c5 2. Nf3 d6 3. d4 cxd4 4. Nxd4 Nf6 5. Nc3 Nc6 6. Be3 Ng4 7. Nxc6 bxc6 8. Bd2 Qb6 9. Qe2 Qxb2 10. Rc1 g6 11. f3 Nf6 12. Qc4 Qb6 13. Rb1 Qc7 14. Nb5 Qd7 15. Nd4 c5 16. Qb3 a6 17. Ne2 Bg7 18. Ng3 O-O 19. Bc4 e6 20. O-O d5 21.
exd5 exd5 22. Be2 c4 23. Qa3 Qc6 24. Rfd1 Be6 25. Be3 Rfb8 26. Bf2 Nd7 27. h3 Bf8 28. Qe3 Bc5 29. Qf4 Bxf2+ 30. Kxf2 Qc5+ 31. Qe3 Qxe3+ 32. Kxe3 Kf8 33. Kf2 Ke7 34. a4 Nc5 35. a5 Na4 36. Nf1 Nc3 37. Rxb8 Nxd1+ 38. Bxd1 Rxb8 39. Ke1 Rb5 40.
Kd2 Rxa5 41. Ne3 Kd6 42. g4 Kc5 43. f4 d4 44. Ng2 Ra3 45. h4 Rg3 46. Ne1 c3+ 47.
Ke2 Bxg4+ 48. Kf2 Bxd1 49. Kxg3 a5 50. Nd3+ Kd5 51. Ne1 a4 52. Kf2 a3 53. Nd3 Bxc2 54. Nb4+ Kc4 55. Nxc2 a2 56. Ke2 d3+ 57. Kd1 dxc2+ 58.
Kxc2 a1=Q 59. h5 Qb2+ 60. Kd1 Qd2# 0-1

[Event "*** Titled Tuesday Blitz"]
[Site "Chess.com"]
[Date "2021.03.02"]
[Round "8"]
[White "Galiev_Azat"]
[Black "HouseOfDurin"]
[Result "1-0"]
[WhiteElo "2387"]
[BlackElo "2182"]
[TimeControl "180+1"]
[EndTime "11:30:57 PST"]
[Termination "Galiev_Azat won on time"]

1. d4 Nf6 2. Bf4 c5 3. e3 cxd4 4. exd4 g6 5. c3 Bg7 6. Nd2 O-O 7. Bd3 d5 8. Ngf3 Bg4 9. h3 Bxf3 10. Nxf3 Ne4 11.
Qe2 f5 12. Be5 Nc6 13. Bxg7 Kxg7 14. O-O Qd6 15. Ne5 Nxe5 16. dxe5 Qb6 17. c4 Ng3 18. Qd2 Nxf1 19. Rxf1 dxc4 20. Bxc4 Rfd8 21. Qg5 Qc5 22. b3 Qxe5 23. h4 Qf6 24. Qg3 e5 25. h5 Rd4 26. Qf3 e4 27. Qf4 Rad8 28. h6+ Kh8 29.
Qc7 R4d7 30. Qa5 b6 31. Qb4 g5 32. Bb5 Rd4 33. Qa3 a5 34. Bc4 Qd6 35. Qb2 Qxh6 36.
g3 Qf6 37. Kg2 Kg7 38. Qc1 f4 39. Bb5 f3+ 40. Kg1 h6 41. Qc7+ Kg6 42. Rc1 Rd1+ 43.
Rxd1 Rxd1+ 44. Kh2 Rd2 45. Be8+ Kf5 46. Bd7+ Rxd7 47.
Qxd7+ Qe6 48. Qh7+ Ke5 49. Qg7+ Kd6 50. Qf8+ Kc6 51.
Qa8+ Kb5 52. Qb7 g4 53. Qc7 Ka6 54. Qd8 Qc6 55. Qd2 Qc5 56. Kg1 1-0

[Event "*** Titled Tuesday Blitz"]
[Site "Chess.com"]
[Date "2021.03.02"]
[Round "8"]
[White "ARTHURMOTIVATOR"]
[Black "Ze-Pequeno"]
[Result "0-1"]
[WhiteElo "2320"]
[BlackElo "2228"]
[TimeControl "180+1"]
[EndTime "11:30:57 PST"]
[Termination "Ze-Pequeno won on time"]

1. e4 c5 2. Nf3 d6 3. d4 cxd4 4. Nxd4 Nf6 5. Nc3 a6 6. h3 e6 7. g4 Be7 8. Bg2 Nfd7 9. O-O b5 10. Re1 O-O 11. a4 b4 12. Nce2 Bb7 13. Ng3 Nc6 14.
Nh5 Nxd4 15. Qxd4 e5 16. Qxb4 Rb8 17. Qd2 Nc5 18. Ra3 a5 19. g5 Kh8 20. Ng3 g6 21. f4 exf4 22. Qxf4 Ne6 23. Qg4 Bxg5 24. Bxg5 Qxg5 25.
Qxg5 Nxg5 26. Rd3 Rfd8 27. Red1 Bc8 28. b3 Nxh3+ 29. Bxh3 Bxh3 30. Rxd6 Rxd6 31. Rxd6 Rc8 32. Rd2 Kg7 33. Kf2 h5 34. Ne2 g5 35. Kg3 Be6 36.
Nd4 Bd7 37. c4 Rb8 38. Nb5 Rb7 39. Rd5 f6 40. Kf2 h4 41. Rd3 Kg6 42. Nd6 Rb6 43.
c5 Rc6 44. Nb7 Be6 45. Rc3 f5 46. Nxa5 Rc7 47. exf5+ Kxf5 48. c6 g4 49. b4 g3+ 50.
Kg1 Kf4 51. b5 h3 52. Rc2 h2+ 53. Rxh2 gxh2+ 54. Kxh2 Rh7+ 55. Kg1 Ke5 56. b6 Kd6 0-1

[Event "*** Titled Tuesday Blitz"]
[Site "Chess.com"]
[Date "2021.03.02"]
[Round "8"]
[White "Kobalia"]
[Black "fearless_guy"]
[Result "0-1"]
[WhiteElo "2712"]
[BlackElo "2837"]
[TimeControl "180+1"]
[EndTime "11:30:58 PST"]
[Termination "fearless_guy won on time"]

1. e4 e6 2. d3 d5 3. Nd2 Nf6 4. Ngf3 c5 5. g3 g6 6. Bg2 Bg7 7. O-O O-O 8. Re1 Nc6 9. c3 a5 10.
a4 b6 11. e5 Nd7 12. d4 Ba6 13. Nf1 cxd4 14. cxd4 Nb4 15. Bg5 Qe8 16. Ra3 Rc8 17. Rc3 h6 18. Bf4 Rxc3 19. bxc3 Nd3 20. Re3 Nxf4 21.
gxf4 b5 22. N1d2 Nb6 23. axb5 Qxb5 24. Bf1 Nc4 25. Nxc4 dxc4 26. Nd2 Rc8 27. f5 exf5 28. e6 fxe6 29. Rxe6 Kh7 30. Nxc4 Rxc4 31. Qe2 Rc6 32. Rxc6 Qxc6 33. Qxa6 Qxc3 34. d5 Qd2 35. Qb7 a4 36.
Qa8 a3 37. Qxa3 Qxd5 38. Qg3 h5 39. h3 Be5 40. Qe3 Bd4 41. Qe7+ Kh6 42. Qf8+ Bg7 43. Qe7 Qa5 44. Qe3+ Kh7 45. Qe6 Qc3 46. Kg2 Qd2 47. Bc4 Qg5+ 48. Kf1 Qh4 49. Kg2 Kh6 50. Qe3+ Kh7 51.
Qe6 Qf4 0-1

[Event "*** Titled Tuesday Blitz"]
[Site "Chess.com"]
[Date "2021.03.02"]
[Round "8"]
[White "Supernotar"]
[Black "GelmanAlexander"]
[Result "0-1"]
[WhiteElo "2677"]
[BlackElo "2568"]
[TimeControl "180+1"]
[EndTime "11:30:59 PST"]
[Termination "GelmanAlexander won by checkmate"]

1. d4 Nf6 2. c4 c5 3. Nf3 cxd4 4. Nxd4 b6 5. Nc3 Bb7 6. f3 d6 7. e4 Nbd7 8. Be3 a6 9. Qd2 e6 10. b3 Rc8 11. Be2 h6 12. O-O g5 13. Kh1 Rg8 14. Rac1 Be7 15. Bd3 Ne5 16. Bb1 Nfd7 17. Nce2 h5 18.
f4 gxf4 19. Nxf4 Nc5 20. Qe2 Nxe4 21. Nfxe6 Qd7 22. Qxh5 Nf6 23. Rxf6 Bxg2+ 24. Kg1 Bxf6 25. Qh7 Ke7 26. Nf5+ Kxe6 27. Nd4+ Ke7 28. Nf5+ Qxf5 29.
Bxf5 Bb7+ 30. Kf1 Rh8 31. Bxb6 Rxh7 32. Bxh7 Rh8 33. Bf5 Rxh2 34. Rc3 Rxa2 35. b4 Bh4 36. Bd4 Bf6 37. c5 dxc5 38. Bxc5+ Ke8 39. Re3 Kd8 40.
Bd4 Nd7 41. Ba7 Ra1+ 42. Ke2 Ra2+ 43. Kd3 Bc6 44. Kc4 Bb5+ 45. Kd5 Rd2+ 46. Ke4 Bc6+ 47.
Kf4 Rb2 48. Kg3 Rxb4 49. Rd3 Bh4+ 50. Kh3 Bf6 51. Bc5 Rb5 52. Bd6 Rxf5 53. Kg4 Rd5 54.
Kf4 Rxd3 55. Be7+ Bxe7 56. Kg4 a5 57. Kh5 a4 58. Kh6 a3 59. Kg7 a2 60. Kg8 a1=Q 61.
Kh7 Qg1 62. Kh8 Rh3# 0-1

[Event "*** Titled Tuesday Blitz"]
[Site "Chess.com"]
[Date "2021.03.02"]
[Round "8"]
[White "DvaHrasta"]
[Black "Oligan22"]
[Result "1-0"]
[WhiteElo "2435"]
[BlackElo "2513"]
[TimeControl "180+1"]
[EndTime "11:30:59 PST"]
[Termination "DvaHrasta won by resignation"]

1. c4 e5 2. g3 c6 3. d4 exd4 4. Qxd4 Nf6 5. Bg2 Na6 6. Nf3 Bc5 7. Qe5+ Qe7 8. Qxe7+ Bxe7 9. O-O d5 10. cxd5 Nb4 11. dxc6 Nxc6 12. Nc3 O-O 13. e4 Be6 14. h3 h6 15. Be3 Rfd8 16. Rfd1 Nb4 17. Rxd8+ Bxd8 18. Bc5 Nd3 19. Ba3 Bb6 20. Rf1 Nh5 21. Ne1 Nxf2 22.
Rxf2 Nxg3 23. Bd6 Nh5 24. Nd3 Bxf2+ 25. Kxf2 Rd8 26. e5 f6 27. Nc5 Bc8 28. Nxb7 Bxb7 29. Bxb7 fxe5 30. Bd5+ Kh7 31. Bxe5 Nf6 32. Bxf6 gxf6 33.
Ke3 Kg6 34. Kf4 Rb8 35. b4 Rxb4+ 36. Ke3 Rh4 37. Bg2 Rc4 38. Kd3 Rb4 39. a3 Rb3 40. a4 Rb2 41. Be4+ Kg5 42. a5 f5 43. Bd5 Kf4 44. a6 Kg3 45. Be6 f4 46. Ne2+ Kf3 47. Bg4+ Kf2 48. Nxf4 Ra2 49. Bc8 Kg3 50. Nd5 h5 51. Nb4 Ra5 52. Kc4 Ra1 53. Kb5 h4 54.
Nc6 Rb1+ 55. Kc5 Rc1+ 56. Kd6 Rd1+ 57. Kc7 Rc1 58. Kb7 Kg2 59. Nxa7 Rxc8 60. Nxc8 Kxh3 61.
a7 Kg3 62. a8=Q h3 63. Kb6 1-0

[Event "*** Titled Tuesday Blitz"]
[Site "Chess.com"]
[Date "2021.03.02"]
[Round "8"]
[White "Evachess2006"]
[Black "WilliamSchill"]
[Result "0-1"]
[WhiteElo "1598"]
[BlackElo "2074"]
[TimeControl "180+1"]
[EndTime "11:30:59 PST"]
[Termination "WilliamSchill won by checkmate"]

1. e4 c5 2. c3 e6 3. d4 d5 4. exd5 exd5 5. Nf3 Nc6 6. Be2 Bd6 7. O-O Nge7 8. Re1 O-O 9. Bg5 f6 10. Bh4 Nf5 11.
Bg3 Nxg3 12. hxg3 Be6 13. dxc5 Bxc5 14. Bb5 Bf7 15. Nd4 Qb6 16. Bxc6 bxc6 17. Qd2 Rfe8 18.
Re3 Rxe3 19. fxe3 Re8 20. Qf2 Bf8 21. b3 c5 22. Nf3 Qe6 23. Nbd2 Qxe3 24. Qxe3 Rxe3 25.
Rc1 Bd6 26. Kf2 Re7 27. Re1 Rxe1 28. Kxe1 g5 29. Ke2 Bxg3 30. Kf1 Bf4 31. Ke2 h5 32. Ne1 h4 33. Nd3 Bh5+ 34. Ke1 Bd6 35. Nf2 Kf7 36. Nf1 Ke6 37. Ne3 Be5 38. Kd2 Bf4 39. Kd3 Bg6+ 40.
Ke2 f5 41. Kd3 g4 42. Ke2 d4 43. cxd4 cxd4 44. Nc4 Bc7 45. Nd3 f4 46. a4 f3+ 47.
gxf3 gxf3+ 48. Kxf3 Bxd3 49. Kg4 Bxc4 50. Kxh4 Kd6 51.
Kg4 Bxb3 52. Kf3 Bxa4 53. Ke4 Kc5 54. Kd3 Bc6 55. Kd2 Bd5 56. Kc2 Be5 57. Kd2 Kc4 58. Ke2 d3+ 59. Ke1 Bf4 60. Kf2 Be4 61. Kg1 Kc3 62.
Kf1 Kc2 63. Ke1 d2+ 64. Ke2 d1=Q+ 65. Kf2 Bd3 66. Kg2 Qe2+ 67. Kh1 Qf1# 0-1

[Event "*** Titled Tuesday Blitz"]
[Site "Chess.com"]
[Date "2021.03.02"]
[Round "8"]
[White "Brave_spirit12"]
[Black "Aygehovit1992"]
[Result "1-0"]
[WhiteElo "2543"]
[BlackElo "2628"]
[TimeControl "180+1"]
[EndTime "11:31:00 PST"]
[Termination "Brave_spirit12 won by checkmate"]

1. e4 c5 2. c3 g6 3. d4 cxd4 4. Qxd4 Nf6 5. e5 Nc6 6. Qe3 Ng4 7. Qe2 d6 8. exd6 Qxd6 9. Nf3 Bg7 10. Nbd2 Bf5 11.
Ne4 Qd5 12. Ng3 O-O-O 13. Be3 Qa5 14. Nxf5 gxf5 15. Qc4 Nxe3 16. fxe3 Qb6 17. Qe2 e5 18. g3 e4 19. Nd4 Ne5 20. O-O-O Nd3+ 21. Kb1 Bxd4 22. exd4 Rd5 23. Bh3 Kb8 24. Rhf1 Rc8 25. Rxf5 Rxf5 26. Bxf5 Rxc3 27. Bxe4 Nxb2 28. Qxb2 Qc7 29.
Bxb7 Qxb7 30. d5 Qxb2+ 31. Kxb2 Rf3 32. Rd2 Kc8 33. Rc2+ Kd7 34. Rc3 Rf2+ 35. Kb3 Rxh2 36. Rf3 Kd6 37. Rxf7 Kxd5 38. Rxa7 Rh3 39. Rg7 h5 40.
Kb4 h4 41. Rg5+ Kc6 42. g4 Rg3 43. a4 h3 44. Rg6+ Kb7 45. Kb5 Rg1 46. Rg7+ Kb8 47. Rh7 Rxg4 48. Rxh3 Rg5+ 49. Kb6 Rg6+ 50. Ka5 Rg5+ 51.
Kb4 Rg6 52. Rh5 Rg4+ 53. Kb5 Rg6 54. a5 Ka7 55. Rh7+ Ka8 56. Rh8+ Ka7 57. Rh5 Ka8 58. Ka4 Rg4+ 59. Kb5 Rg1 60. Rh6 Rg5+ 61. Kb6 Rg8 62. Ka6 Rb8 63. Rh7 Rg8 64. Ra7+ Kb8 65. Rb7+ Ka8 66.
Rb6 Rg7 67. Rf6 Rg8 68. Kb5 Kb7 69. Rf7+ Ka8 70. Rf6 Rg5+ 71. Kb6 Rg8 72. Rh6 Rb8+ 73. Kc7 Rg8 74. Ra6# 1-0

[Event "*** Titled Tuesday Blitz"]
[Site "Chess.com"]
[Date "2021.03.02"]
[Round "8"]
[White "grunbergmihai"]
[Black "louis198"]
[Result "1/2-1/2"]
[WhiteElo "2484"]
[BlackElo "2626"]
[TimeControl "180+1"]
[EndTime "11:31:01 PST"]
[Termination "Game drawn by stalemate"]

1. Nf3 e6 2. c4 d5 3. g3 g6 4. Bg2 Bg7 5. O-O Ne7 6. d3 O-O 7. Qc2 Nbc6 8. a3 a5 9. Nc3 Nf5 10. e3 Nce7 11. Rd1 d4 12. Nb5 e5 13. exd4 exd4 14.
Bf4 c6 15. Nc7 Ra7 16. c5 h6 17. h4 Bf6 18. Qd2 Kh7 19. b4 axb4 20. axb4 Rxa1 21. Rxa1 Be6 22. Ra8 Qxa8 23. Nxa8 Rxa8 24. Kh2 Ra2 25.
Qe1 Nd5 26. Be5 Bxe5 27. Qxe5 Rxf2 28. Nxd4 Nfe3 29. Kh1 Rxg2 30. Nxe6 fxe6 31. Qxe6 Rf2 32. Qd7+ Kg8 33. Qxb7 Rf1+ 34. Kh2 Ng4+ 35. Kh3 Nde3 36.
Qxc6 Rh1+ 37. Qxh1 Nf2+ 38. Kh2 Nxh1 39. b5 Nd5 40. b6 Nb4 41. Kxh1 Kf7 42. Kg2 Ke6 43. Kf3 Ke5 44. b7 Nc6 45. Ke3 Kd5 46. d4 h5 47.
Kd3 Nb8 48. Kc3 Nc6 49. Kd3 Nb8 50. Ke3 Nc6 51. Kf4 Kxd4 52. Kg5 Kxc5 53. Kxg6 Kb6 54.
Kxh5 Kxb7 55. g4 Kc7 56. Kg6 Ne5+ 57. Kf5 Kd6 58. h5 Nxg4 59. Kxg4 Ke7 60. Kg5 Kf7 61.
h6 Kg8 62. h7+ Kh8 63. Kh6 1/2-1/2

[Event "*** Titled Tuesday Blitz"]
[Site "Chess.com"]
[Date "2021.03.02"]
[Round "8"]
[White "Shuvalov"]
[Black "FGHSMN"]
[Result "0-1"]
[WhiteElo "2549"]
[BlackElo "2676"]
[TimeControl "180+1"]
[EndTime "11:31:03 PST"]
[Termination "FGHSMN won on time"]

1. Nf3 Nf6 2. c4 c5 3. g3 b6 4. Bg2 Bb7 5. O-O e6 6. Nc3 Be7 7. d4 cxd4 8. Qxd4 d6 9. Rd1 a6 10. e4 Nbd7 11. b3 O-O 12. Ba3 Nc5 13. e5 dxe5 14. Qxd8 Rfxd8 15. Nxe5 Bxg2 16. Kxg2 Rxd1 17. Rxd1 Rc8 18. Na4 Nxa4 19. Bxe7 Nc3 20. Rd6 Re8 21.
Bxf6 gxf6 22. Nd7 Kg7 23. Rxb6 Rd8 24. Nc5 Nxa2 25. Rxa6 Nc3 26. b4 Rd4 27. Ra7 Kg6 28.
Nd7 Rxc4 29. Rb7 Nd5 30. b5 Kg7 31. b6 Rb4 32. Kf3 e5 33. g4 e4+ 34. Ke2 Rb2+ 35.
Kd1 Rxf2 36. Ra7 Rb2 37. b7 e3 38. b8=Q Nc3+ 39. Kc1 e2 40. Kxb2 e1=Q 41. Qf8+ Kg6 42. Qg8+ Kh6 43. Qf8+ Kg5 44. Qg7+ Kf4 45. Qxf6+ Kxg4 46.
Qxc3 Qf2+ 47. Kb3 Qxa7 48. Nc5 Qb6+ 49. Kc4 Qc6 50. Qg3+ Kf5 51. Qh3+ Kg6 52. Qg4+ Kh6 53. Qf4+ Kg7 54. Qg5+ Qg6 55. Qe5+ f6 56. Qe7+ Kh6 57.
Qe3+ Kg7 58. Ne6+ Kg8 59. Kd5 Qf5+ 60. Kc6 Kf7 0-1

[Event "*** Titled Tuesday Blitz"]
[Site "Chess.com"]
[Date "2021.03.02"]
[Round "8"]
[White "dosto07"]
[Black "ShahMatKanal"]
[Result "0-1"]
[WhiteElo "2324"]
[BlackElo "2490"]
[TimeControl "180+1"]
[EndTime "11:31:03 PST"]
[Termination "ShahMatKanal won on time"]

1. d4 Nf6 2. Nf3 b5 3. Bf4 Bb7 4. e3 a6 5. Nbd2 e6 6. Bd3 d5 7. O-O Bd6 8. Ne5 c5 9. c3 Nc6 10. Qf3 Qc7 11. Nxc6 Qxc6 12. a4 c4 13. axb5 axb5 14. Rxa8+ Bxa8 15. Bc2 Bxf4 16. Qxf4 O-O 17. Ra1 Bb7 18. g4 Rc8 19. f3 Qc7 20. Qxc7 Rxc7 21. Ra7 Ne8 22. e4 Bc6 23. Ra6 h6 24. h4 Kf8 25.
Kf2 Ke7 26. Ke3 Kd7 27. g5 h5 28. e5 g6 29. f4 Rb7 30. Nb1 Nc7 31. Ra2 b4 32.
cxb4 Rxb4 33. Nc3 Rb8 34. Kd2 Kc8 35. Kc1 Kb7 36. Ba4 Bxa4 37. Nxa4 Na6 38. Ra3 Kc7 39. Kd2 Nb4 40. Nc5 Kd8 41. Kc3 Ke8 42. Ra7 Nd3 43. Nxd3 cxd3 44. b3 d2 45. Kxd2 Rxb3 46. Ra8+ Ke7 47.
Ra7+ Kf8 48. Ra8+ Kg7 49. Ra7 Rf3 50. Ke2 Rxf4 51. Ke3 Re4+ 52. Kd3 Rxh4 53. Kc3 Rg4 54. Ra1 Rxg5 55. Kb4 Rg3 56. Kc5 Rc3+ 57. Kd6 Rc4 58. Rd1 h4 59. Ke7 h3 60. Rh1 Rxd4 61. Rxh3 Rf4 0-1

[Event "*** Titled Tuesday Blitz"]
[Site "Chess.com"]
[Date "2021.03.02"]
[Round "8"]
[White "anon102030"]
[Black "blitis"]
[Result "1/2-1/2"]
[WhiteElo "2703"]
[BlackElo "2547"]
[TimeControl "180+1"]
[EndTime "11:31:04 PST"]
[Termination "Game drawn by stalemate"]

1. e4 c5 2. Nc3 g6 3. g3 Bg7 4.
Bg2 Nc6 5. d3 d6 6. Be3 e5 7. f4 Nge7 8. Nf3 Nd4 9. O-O Bg4 10. Qd2 O-O 11. Nh4 Qd7 12. Rf2 exf4 13. Bxf4 Rad8 14. Raf1 Bh3 15. Bh6 Bxg2 16. Kxg2 f5 17.
Bg5 fxe4 18. Nxe4 Qe6 19. c3 Rxf2+ 20. Rxf2 Ndf5 21. Nxf5 gxf5 22. Bxe7 Qxe7 23. Rxf5 d5 24. Qg5 Qxg5 25. Nxg5 Rd6 26. Rf2 h6 27. Nf3 Re6 28. Rd2 Kf7 29. Kf2 Bf6 30. d4 c4 31.
Re2 Rb6 32. g4 Kg6 33. h4 Kf7 34. Kg3 Ra6 35. a3 Rb6 36. Kf4 a5 37. g5 hxg5+ 38.
hxg5 Bg7 39. Kf5 Rc6 40. Ne5+ Bxe5 41. dxe5 b5 42. e6+ Ke7 43. g6 b4 44. g7 Rc8 45.
Kg6 bxc3 46. bxc3 d4 47. cxd4 c3 48. Kh7 c2 49. Rxc2 Rxc2 50. d5 Rh2+ 51. Kg6 Rg2+ 52. Kh7 Rh2+ 53. Kg8 Rd2 54. Kh8 Rxd5 55. Kh7 Rh5+ 56.
Kg6 Rh1 57. g8=Q Rg1+ 58. Kh7 Rxg8 59. Kxg8 Kxe6 60. Kg7 Kd5 61. Kf6 Kc4 62. Ke5 Kb3 63. Kd4 Kxa3 64. Kc3 Ka2 65. Kc2 a4 66. Kc1 a3 67. Kc2 Ka1 68. Kc1 a2 69. Kc2 1/2-1/2

[Event "*** Titled Tuesday Blitz"]
[Site "Chess.com"]
[Date "2021.03.02"]
[Round "8"]
[White "sau6on"]
[Black "platy3"]
[Result "0-1"]
[WhiteElo "2596"]
[BlackElo "2819"]
[TimeControl "180+1"]
[EndTime "11:31:04 PST"]
[Termination "platy3 won on time"]

1. e4 c5 2. Nf3 d6 3. d4 cxd4 4. Nxd4 Nf6 5. Nc3 a6 6. Bc4 e6 7. Bb3 Be7 8. O-O O-O 9. f4 b5 10. f5 e5 11. Nde2 Bb7 12. Ng3 Nbd7 13. Bg5 b4 14.
Bxf6 Nxf6 15. Nd5 Bxd5 16. Bxd5 Rc8 17. Bb3 a5 18. Nh5 Qb6+ 19. Kh1 Qe3 20. Nxf6+ Bxf6 21. Qg4 Rc6 22. Rad1 Rfc8 23. Rd3 Qa7 24. Ba4 Ra6 25. Qe2 Rc5 26. Rfd1 Qc7 27. g3 Rb6 28. h4 h6 29.
Kg2 Rc4 30. Bb3 Rd4 31. Rxd4 exd4 32. Qc4 Qe7 33. Qd3 Rc6 34. Rd2 Rc5 35. Bd5 Be5 36. Re2 Kh7 37. Qf3 a4 38. Rf2 a3 39. bxa3 Rc3 40. Qg4 Rxg3+ 41. Qxg3 Bxg3 42. Kxg3 bxa3 43. Rf3 Qa7 44. Rb3 d3 45. cxd3 Qe3+ 46. Kg2 Qe2+ 47. Kg3 g5 48. hxg5 hxg5 49. Rb7 Qxd3+ 50. Kg4 Qd1+ 51.
Kxg5 Qg1+ 52. Kf4 Qh2+ 53. Kg4 Qg2+ 54. Kf4 Kh6 55. Rxf7 Qd2+ 56. Kf3 Kg5 57. Rg7+ Kf6 58. Rg6+ Ke5 59. Re6+ Kd4 60. f6 Qd1+ 61. Kf4 Qf1+ 62. Kg5 Ke3 63. Kg6 Qg2+ 64. Kf7 Kf4 65. Ke7 Qg5 66.
Ke8 Qg8+ 67. Ke7 Qg5 68. Kxd6 Qg8 69. Re7 Qf8 70. Ke6 Kg5 0-1

[Event "*** Titled Tuesday Blitz"]
[Site "Chess.com"]
[Date "2021.03.02"]
[Round "8"]
[White "Fraler15"]
[Black "campomania3"]
[Result "1-0"]
[WhiteElo "2272"]
[BlackElo "2151"]
[TimeControl "180+1"]
[EndTime "11:31:04 PST"]
[Termination "Fraler15 won on time"]

1. e4 c6 2. d4 d5 3. f3 Qb6 4. Nc3 e5 5. Nge2 exd4 6. Nxd4 Bb4 7. exd5 cxd5 8. Bb5+ Nc6 9. O-O Bxc3 10. bxc3 Ne7 11.
Kh1 O-O 12. Bd3 Ng6 13. Ba3 Re8 14. Re1 Be6 15. Nxe6 Rxe6 16. Rxe6 fxe6 17. Bxg6 hxg6 18. Qd3 Kf7 19. Re1 Qf2 20. Rg1 Rh8 21. h3 Ne5 22. Qd4 Qg3 23. Rd1 g5 24. Qd2 Ng6 25. Qe1 Qxe1+ 26. Rxe1 Nf4 27. Kg1 g6 28. Kf2 Rc8 29.
Re3 a6 30. Bd6 b5 31. Be5 Rc4 32. g3 Nxh3+ 33. Kg2 g4 34. fxg4 Ng5 35. Bf4 Ne4 36.
Rf3 Ke7 37. Be5 a5 38. Bd4 a4 39. Kh3 Nd6 40. g5 Ne4 41. Bf6+ Kd6 42. Bg7 Ke7 43.
Bf6+ Kd6 44. Bg7 Ke7 45. Kg4 Kd6 46. Rf8 Nf6+ 47. Kh3 Ne4 48. Rc8 Nxg5+ 49. Kg2 Ne4 50. Rxc4 bxc4 51. Bd4 a3 52. Kf3 Kc6 53. g4 Kb5 54.
Kf4 Kc6 55. Ke5 Kd7 56. Kf4 Ke7 57. Be5 g5+ 58. Kf3 Kd7 59. Bd4 Kc6 60. Be3 e5 61. Bc1 1-0

[Event "*** Titled Tuesday Blitz"]
[Site "Chess.com"]
[Date "2021.03.02"]
[Round "8"]
[White "DenishevM"]
[Black "bakki78"]
[Result "0-1"]
[WhiteElo "2629"]
[BlackElo "2793"]
[TimeControl "180+1"]
[EndTime "11:31:05 PST"]
[Termination "bakki78 won by resignation"]

1. d4 d6 2. Nf3 Nf6 3. c4 g6 4. Nc3 Bf5 5. g3 Bg7 6. Bg2 c6 7.
O-O O-O 8. Nh4 Be6 9. b3 d5 10. cxd5 cxd5 11. Nf3 Nc6 12. Bb2 Rc8 13. Rc1 h6 14. h3 Bf5 15. g4 Bd7 16. Ne5 e6 17. Nf3 h5 18. g5 Ne4 19. h4 Qa5 20. Nxe4 dxe4 21. Ne5 Nxe5 22. dxe5 Rxc1 23. Qxc1 Bc6 24. Qc3 Qa6 25. e3 Rd8 26. Rc1 Qe2 27. Ba3 Rd1+ 28.
Rxd1 Qxd1+ 29. Kh2 Qg4 30. Be7 Qxh4+ 31. Kg1 Qg4 32.
Qd2 Bxe5 33. Qd8+ Kh7 34. Bf6 Bxf6 35. gxf6 Kh6 36. Qf8+ Kg5 37. Qxf7 Qf5 38. Qe7 Qxf6 39. Qc5+ Kg4 40. Qd6 Kg5 41. Qg3+ Kh6 42. Qb8 a6 43. Qc7 g5 44. Qb8 g4 45. Kh2 h4 46. Qc7 Qxf2 47.
Qe5 g3+ 48. Kh3 Qf5+ 49. Qxf5 exf5 50. Kxh4 f4 51. exf4 e3 52. Kxg3 e2 53. Kf2 Bxg2 54. Kxe2 Kg6 55. Ke3 Kf5 56. Kd4 Kxf4 57. Kc5 Ke5 58. b4 Ke6 59. a4 Kd7 60. Kb6 Kc8 61. a5 Bc6 62. Kc5 Kd7 63. Kb6 Kd6 64. b5 axb5 0-1

[Event "*** Titled Tuesday Blitz"]
[Site "Chess.com"]
[Date "2021.03.02"]
[Round "8"]
[White "Chernov_Alexander_A"]
[Black "Niktlt"]
[Result "0-1"]
[WhiteElo "2280"]
[BlackElo "2395"]
[TimeControl "180+1"]
[EndTime "11:31:11 PST"]
[Termination "Niktlt won on time"]

1. d4 Nf6 2. Nf3 g6 3. Bg5 Bg7 4. Nbd2 O-O 5. e4 d6 6. c3 Nbd7 7. Be2 e5 8. dxe5 Nxe5 9. Nxe5 dxe5 10. Qc2 c6 11. O-O Qc7 12. Rfe1 Be6 13. a4 Rfd8 14.
Nc4 Rd7 15. Ne3 Rad8 16. Rad1 Rxd1 17. Rxd1 Rxd1+ 18. Nxd1 Nd7 19. Ne3 a5 20. Bc4 Nc5 21.
Bxe6 Nxe6 22. Bh4 Bh6 23. Nc4 b5 24. Na3 Qd7 25. f3 Be3+ 26. Bf2 Bc5 27. Nb1 Bxf2+ 28.
Kxf2 Qa7+ 29. Kf1 Qe3 30. axb5 cxb5 31. Qd2 Qb6 32. g3 b4 33. Kg2 Kg7 34. h4 bxc3 35.
Nxc3 Nd4 36. Nd5 Qb3 37. Qf2 Qd3 38. Ne3 a4 39. Ng4 f6 40. Qe3 Qc2+ 41. Kh3 Qc6 42. f4 h5 43. Nf2 Qc8+ 44. Kg2 Qc2 45. fxe5 fxe5 46. Qg5 Nc6 47. Qe3 Kf6 48. Qb6 Ke6 49. Kf3 Kd6 50. Nh3 Qd3+ 51. Kf2 Qxe4 52. Ng5 Qc2+ 53. Ke3 Qc5+ 54. Qxc5+ Kxc5 55. Kd3 Kb4 56. Kc2 Nd4+ 57. Kb1 Nf5 58. Ne6 Nxg3 59. Nf8 g5 60. hxg5 h4 61. Ng6 h3 62. Nxe5 h2 63. Nd3+ Kc4 64. Nf2 Kd4 65. g6 Nf5 0-1

[Event "*** Titled Tuesday Blitz"]
[Site "Chess.com"]
[Date "2021.03.02"]
[Round "8"]
[White "Na_binci"]
[Black "GCamachoMartinez"]
[Result "1-0"]
[WhiteElo "2163"]
[BlackElo "2271"]
[TimeControl "180+1"]
[EndTime "11:31:11 PST"]
[Termination "Na_binci won by resignation"]

1. d4 Nf6 2. c4 g6 3. Nc3 d5 4. cxd5 Nxd5 5. e4 Nxc3 6. bxc3 Bg7 7. Bg5 O-O 8. Nf3 b6 9. Rc1 Bb7 10. Bd3 Nc6 11. h4 Qd7 12. h5 e5 13. d5 Ne7 14.
Qd2 f5 15. hxg6 hxg6 16. exf5 gxf5 17. Bh6 Nxd5 18. Bc4 Rad8 19. Qg5 Qf7 20. Nxe5 Rfe8 21. f4 Qf6 22. Qh5 Rxe5+ 23. fxe5 Qxe5+ 24. Kf1 b5 25. Re1 Qf6 26. Re8+ Rxe8 27. Qxe8+ Qf8 28. Qe6+ Qf7 29.
Bxd5 Bxd5 30. Qxf7+ Bxf7 31. Bxg7 Kxg7 32. Kf2 Bxa2 33.
Ra1 Bc4 34. Rxa7 Kf6 35. Rxc7 Ke5 36. Ke3 f4+ 37. Kf2 Ke4 38. Rd7 Be6 39. Rd4+ Ke5 40. g3 fxg3+ 41. Kxg3 Bc4 42. Rd8 Ke6 43. Kf2 Ke7 44.
Rd4 Ke6 45. Ke3 Ke5 46. Rd8 Ke6 47. Kd4 Ke7 48. Rb8 Kd6 49. Rb6+ Kc7 50. Rf6 Kb7 51.
Kc5 Kc7 52. Rh6 Kd7 53. Kb6 Kd8 54. Rh7 Bd3 55. Rg7 Bc4 56. Kc6 Ke8 57. Kd6 Kf8 58. Rb7 Ke8 59. Rd7 Kf8 60. Kc5 Ke8 61. Rd4 Ke7 62.
Rxc4 bxc4 63. Kxc4 Kd7 64. Kb5 Kc7 65. Kc5 Kd7 66.
Kb6 Kd8 67. c4 Kd7 68. Kb7 Kd6 69. Kb6 Kd7 70. c5 Kd8 71. Kb7 Kd7 72. c6+ 1-0

[Event "*** Titled Tuesday Blitz"]
[Site "Chess.com"]
[Date "2021.03.02"]
[Round "8"]
[White "Szparu"]
[Black "serhanberat_ozdemir"]
[Result "0-1"]
[WhiteElo "2644"]
[BlackElo "2559"]
[TimeControl "180+1"]
[EndTime "11:31:13 PST"]
[Termination "serhanberat_ozdemir won by resignation"]

1. d4 Nf6 2. Bg5 g6 3. Bxf6 exf6 4. e3 d5 5. c4 dxc4 6. Bxc4 Bd6 7. Nc3 O-O 8. Nge2 f5 9. a3 c6 10. O-O Nd7 11. b4 Re8 12. Qb3 Qe7 13. a4 Nb6 14.
Bd3 Be6 15. Qc2 Bxb4 16. a5 Nd5 17. Nxd5 Bxd5 18. Nf4 Be4 19. Rfb1 Bd6 20. Bxe4 fxe4 21. Ne2 Rec8 22. Nc3 Re8 23. Rb2 Rab8 24. Rab1 Bc7 25. Rxb7 Rxb7 26. Rxb7 Bxh2+ 27. Kxh2 Qxb7 28. Nxe4 Qe7 29.
Nc5 Qc7+ 30. g3 Qxa5 31. Kg2 Qc7 32. Ne4 Qe7 33. Nc5 a5 34. Qa2 Ra8 35. Qa4 Qd6 36. Ne4 Qd5 37. f3 Qb5 38. Qa1 Qe2+ 39. Nf2 a4 40. Qa3 Rb8 41. Qe7 a3 42. Qe5 Ra8 43. d5 a2 44. Qa1 cxd5 45. e4 d4 46. g4 d3 47. Kg3 d2 48. Nd1 Qxd1 49. Qxd1 a1=Q 50.
Qxd2 Qe5+ 51. Kh3 Qc5 52. g5 Qc6 53. Qd4 Qe6+ 54. Kg3 Re8 55. Kf4 h6 56. gxh6 f6 57.
Qa7 Qe5+ 58. Ke3 Qe7 59. Qd4 Kh7 60. Qd5 Kxh6 61. Qd2 Kg7 62. Kf4 Qe5+ 63. Ke3 Qc5+ 64. Ke2 Qg5 65. Qd7+ Kf8 66. Qd6+ Re7 67. Qb8+ Kf7 68.
Qb3+ Kg7 69. Qb4 Qe5 70. Qb3 Rc7 71. Qa4 Qc3 72. Qe8 Qb3 73. Qb8 Rc2+ 74. Kd1 Qxb8 0-1